[Event "Titled Tuesday Blitz August 08 Early 2023"]
[White "Yashmetov, Mikhail"]
[Black "Fernandez Hernandez, Gerardo"]
[WhiteFideId "24198900"]
[BlackFideId "2207400"]
[WhiteElo "2475"]
[BlackElo "2234"]
[Result "1-0"]
[Round "3"]
[TimeControl "180+1"]
[Date "2023.08.08"]
[WhiteClock "0:00:18"]
[BlackClock "0:00:01"]
[Board "208"]

1. d4 Nf6 2. c4 c5 3. d5 b5 4. cxb5 a6 5. e3 g6 6. Nc3 Bg7 7. a4 O-O 8. e4 Bb7 9. Bg5 h6 10. Bxf6 Bxf6 11. Nf3 d6 12. Qd2 Bg7 13. Be2 axb5 14. Bxb5 Na6 15. O-O Nb4 16. Rfe1 Ba6 17. Bxa6 Rxa6 18. e5 Qa5 19. e6 c4 20. Re4 Qc5 21. Qe2 f5 22. Rxc4 Qa7 23. Rxb4 Rc8 24. Nb5 Qc5 25. Rb3 Rb8 26. Qd3 Kh7 27. h3 Kg8 28. Nh4 Kh7 29. Nf3 Kg8 30. Nfd4 Bxd4 31. Nxd4 Rxb3 32. Nxb3 Qb4 33. Qxa6 Qxb3 34. Qc8+ Kg7 35. Qe8 Qxb2 36. Qxe7+ Kh8 37. Qf8+ Kh7 38. Qf7+ Kh8 39. Rf1 Qg7 40. Qxg7+ Kxg7 41. a5 1-0


[Site "https://www.chess.com"]

[Event "Titled Tuesday Blitz August 08 Early 2023"]
[White "Vovk, Orest"]
[Black "Mikhaylova, Irina"]
[WhiteFideId "14113490"]
[BlackFideId "4109040"]
[WhiteElo "2473"]
[BlackElo "2260"]
[Result "1-0"]
[Round "3"]
[TimeControl "180+1"]
[Date "2023.08.08"]
[WhiteClock "0:00:26"]
[BlackClock "0:00:00"]
[Board "209"]

1. g4 d5 2. h3 c6 3. Bg2 e6 4. d4 Nd7 5. Nf3 Bd6 6. O-O Ngf6 7. c4 O-O 8. Nc3 dxc4 9. e4 e5 10. g5 Ne8 11. dxe5 Bc7 12. Bf4 Qe7 13. Qd4 b5 14. Rad1 Nc5 15. Be3 Bb6 16. Qd2 Be6 17. Nd4 Rc8 18. f4 Bd7 19. Nf5 Bxf5 20. exf5 Nd3 21. Bxb6 axb6 22. f6 Qc5+ 23. Kh2 Nc7 24. Ne4 Qd4 25. fxg7 Kxg7 26. Qe2 Nd5 27. Qg4 Rce8 28. Nf6 Kh8 29. Bxd5 cxd5 30. Qh4 Qxb2+ 31. Kh1 1-0


[Site "https://www.chess.com"]

[Event "Titled Tuesday Blitz August 08 Early 2023"]
[White "Rietze, Clemens, Dr."]
[Black "Kiseljova, Marya"]
[WhiteFideId "24620351"]
[BlackFideId "4155009"]
[WhiteElo "2445"]
[BlackElo "2214"]
[Result "1-0"]
[Round "3"]
[TimeControl "180+1"]
[Date "2023.08.08"]
[WhiteClock "0:00:05"]
[BlackClock "0:00:00"]
[Board "210"]

1. d4 d5 2. c4 e6 3. Nf3 Nf6 4. Nc3 c5 5. cxd5 exd5 6. g3 Nc6 7. Bg2 cxd4 8. Nxd4 Bc5 9. Nb3 Bb6 10. O-O d4 11. Na4 O-O 12. Bg5 h6 13. Bxf6 Qxf6 14. Nac5 Re8 15. Nd3 Bg4 16. Re1 Rad8 17. h3 Bf5 18. Rc1 Be4 19. Qd2 Bxg2 20. Kxg2 Re7 21. Nbc5 Rde8 22. Rc2 Qd6 23. Kg1 Qd5 24. b4 Ne5 25. Nxe5 Qxe5 26. Nd3 Qe4 27. Kh2 h5 28. h4 Bc7 29. Qg5 g6 30. Rec1 Bd6 31. Rd2 b6 32. Rdc2 a5 33. a3 axb4 34. axb4 Re6 35. Kg1 Be7 36. Qf4 Qxf4 37. Nxf4 Re4 38. Nd3 Bd6 39. Kf1 Kg7 40. Re1 Ra8 41. Rc6 Re6 42. Rxb6 Ra4 43. Rb1 Ra2 44. Rb2 Ra1+ 45. Kg2 Rd1 46. Rc6 f5 47. b5 f4 48. gxf4 Kf6 49. b6 Kf5 50. b7 Bb8 51. Rxe6 Kxe6 52. Kf3 Rh1 53. Ke4 Rxh4 54. Kxd4 Rh1 55. e3 Rd1 56. Ke4 h4 57. Nc5+ Kd6 58. Na6 1-0


[Site "https://www.chess.com"]

[Event "Titled Tuesday Blitz August 08 Early 2023"]
[White "Polaczek, Richard"]
[Black "Mitrovic, Darko R"]
[WhiteFideId "200026"]
[BlackFideId "927023"]
[WhiteElo "2414"]
[BlackElo "2112"]
[Result "0-1"]
[Round "3"]
[TimeControl "180+1"]
[Date "2023.08.08"]
[WhiteClock "0:00:05"]
[BlackClock "0:00:08"]
[Board "211"]

1. d4 e6 2. c4 Nf6 3. Nc3 Bb4 4. f3 Bxc3+ 5. bxc3 d5 6. cxd5 exd5 7. e3 O-O 8. Bd3 c5 9. Ne2 c4 10. Bc2 Nc6 11. O-O b5 12. e4 a5 13. e5 Ne8 14. f4 b4 15. f5 Qb6 16. Kh1 bxc3 17. f6 Nb4 18. Ba4 Nd3 19. Bxe8 Rxe8 20. Ba3 Bg4 21. h3 Bxe2 22. Qxe2 Qxd4 23. Be7 Nxe5 24. Rad1 Nd3 25. Qh5 Qe5 26. Qg4 g6 27. Rf3 Rxe7 28. fxe7 Qxe7 29. Qd4 c2 30. Rdf1 c1=Q 31. Rxc1 Nxc1 32. Qxd5 Re8 33. Qc6 Nd3 34. Qxc4 Ne5 35. Qd5 Nxf3 36. Qxf3 Qe1+ 37. Kh2 Qe5+ 38. Qg3 Qxg3+ 39. Kxg3 Re2 40. Kf3 Rxa2 41. g4 a4 42. Kf4 a3 43. Ke5 Rh2 44. Kd6 Rxh3 45. Kc5 Rg3 46. Kb5 Rxg4 47. Kc5 h5 48. Kd6 a2 0-1


[Site "https://www.chess.com"]

[Event "Titled Tuesday Blitz August 08 Early 2023"]
[White "Grigorov, Grigor"]
[Black "Buscar, Michael"]
[WhiteFideId "2907313"]
[BlackFideId "2603616"]
[WhiteElo "2804"]
[BlackElo "2392"]
[Result "1-0"]
[Round "3"]
[TimeControl "180+1"]
[Date "2023.08.08"]
[WhiteClock "0:01:43"]
[BlackClock "0:00:34"]
[Board "212"]

1. d4 d5 2. c4 e6 3. Nc3 c5 4. cxd5 exd5 5. Nf3 Nc6 6. Bg5 Nf6 7. e3 Be7 8. dxc5 Bxc5 9. Bb5 O-O 10. O-O a6 11. Bxf6 Qxf6 12. Qxd5 Bb4 13. Bxc6 bxc6 14. Qd4 Qe7 15. Rac1 Be6 16. a3 Bd6 17. Ne4 Bc7 18. Rxc6 Rfd8 19. Qc5 Qxc5 20. Nxc5 Rac8 21. Nxe6 fxe6 22. Rfc1 1-0


[Site "https://www.chess.com"]

[Event "Titled Tuesday Blitz August 08 Early 2023"]
[White "Iunusovnuriddin"]
[Black "splendidkid"]
[WhiteElo "2298"]
[BlackElo "2724"]
[Result "0-1"]
[Round "3"]
[TimeControl "180+1"]
[Date "2023.08.08"]
[WhiteClock "0:00:02"]
[BlackClock "0:02:08"]
[Board "214"]

1. e4 c5 2. Nc3 Nc6 3. Nge2 d6 4. g3 g6 5. Bg2 Bg7 6. O-O Rb8 7. d3 b5 8. f4 b4 9. Nd5 a5 10. c3 Ba6 11. Be3 e6 12. cxb4 exd5 13. bxc5 d4 14. cxd6 dxe3 15. e5 Nb4 16. Rf3 Nh6 17. Nd4 O-O 18. Rxe3 Qb6 19. Re4 Nf5 0-1


[Site "https://www.chess.com"]

[Event "Titled Tuesday Blitz August 08 Early 2023"]
[White "LuxLinster"]
[Black "Nava, Roderick"]
[BlackFideId "5201730"]
[WhiteElo "2297"]
[BlackElo "2659"]
[Result "0-1"]
[Round "3"]
[TimeControl "180+1"]
[Date "2023.08.08"]
[WhiteClock "0:00:01"]
[BlackClock "0:01:09"]
[Board "215"]

1. d4 c5 2. d5 Nf6 3. Nc3 d6 4. e4 a6 5. a4 g6 6. h3 Bg7 7. Nf3 O-O 8. Be2 Nbd7 9. O-O Rb8 10. Nd2 Ne8 11. Nc4 Nc7 12. Bg5 Ne5 13. Na3 b5 14. axb5 axb5 15. Naxb5 Nxb5 16. Bxb5 Bd7 17. Bxd7 Qxd7 18. Ra2 Nc4 19. Na4 Nxb2 20. Nxb2 Rxb2 21. Rxb2 Bxb2 22. c4 Bd4 23. Qc2 f6 24. Bd2 Rb8 25. Rb1 Qa7 26. Rxb8+ Qxb8 27. Bc3 Bxc3 28. Qxc3 Qb1+ 29. Kh2 Qxe4 30. Qb3 Kf7 31. Qa4 h5 32. g3 h4 33. gxh4 Qxh4 34. Kg2 Qg5+ 35. Kh2 Qe5+ 36. Kg2 g5 37. Qd7 Qe4+ 38. Kg3 Qxc4 39. Qe6+ Kf8 40. Qc8+ Kg7 41. Qe6 Qf4+ 42. Kg2 Qe5 0-1


[Site "https://www.chess.com"]

[Event "Titled Tuesday Blitz August 08 Early 2023"]
[White "Piesik, Piotr"]
[Black "UgarteCesar"]
[WhiteFideId "1136194"]
[WhiteElo "2645"]
[BlackElo "2294"]
[Result "1-0"]
[Round "3"]
[TimeControl "180+1"]
[Date "2023.08.08"]
[WhiteClock "0:00:22"]
[BlackClock "0:00:11"]
[Board "216"]

1. Nf3 d5 2. g3 Nf6 3. Bg2 e6 4. O-O Nbd7 5. d3 b5 6. Nbd2 Bb7 7. e4 c5 8. e5 Ng4 9. Re1 Qc7 10. Qe2 Be7 11. Nf1 h5 12. h3 Nh6 13. Bg5 Bxg5 14. Nxg5 Nf5 15. c3 a5 16. Kh2 h4 17. g4 Ne7 18. f4 Ng6 19. Qf2 Qd8 20. Kg1 Rc8 21. d4 b4 22. c4 cxd4 23. cxd5 Bxd5 24. Bxd5 exd5 25. e6 Nde5 26. exf7+ Kd7 27. fxe5 Qxg5 28. Qxd4 Nf4 29. e6+ Kd6 30. Re3 Rc4 31. Qb6+ Rc6 32. Qxa5 Nxe6 33. Qxb4+ Kd7 34. Rd1 d4 35. Ra3 Rc7 36. Ra6 Qc5 37. Qxc5 Nxc5 38. Rxd4+ Ke7 39. Ra5 Ne6 40. Re4 Kxf7 41. Rf5+ Ke7 42. Rfe5 Rc6 43. Ne3 Rh6 44. Nf5+ Kf6 45. Nxh6 gxh6 46. Rxe6+ Rxe6 47. Rxe6+ Kxe6 48. Kf2 h5 49. gxh5 Kf6 50. Kf3 Kg5 51. a4 Kxh5 52. a5 Kg6 53. a6 1-0


[Site "https://www.chess.com"]

[Event "Titled Tuesday Blitz August 08 Early 2023"]
[White "Fernandez Siles, Luis"]
[Black "Kleiman, Jake"]
[WhiteFideId "2209420"]
[BlackFideId "2020041"]
[WhiteElo "2290"]
[BlackElo "2641"]
[Result "0-1"]
[Round "3"]
[TimeControl "180+1"]
[Date "2023.08.08"]
[WhiteClock "0:00:51"]
[BlackClock "0:01:19"]
[Board "217"]

1. e4 e5 2. Nf3 Nc6 3. Bc4 Bc5 4. O-O Nf6 5. d3 O-O 6. Bg5 h6 7. Bh4 Be7 8. Nc3 d6 9. h3 Na5 10. Bb5 c6 11. Ba4 b5 12. Bb3 Nh5 13. Bxe7 Qxe7 14. d4 Nf4 15. d5 b4 16. Ne2 Ba6 17. Nfd4 exd4 18. Nxf4 Bxf1 19. Qxf1 Qxe4 20. Nd3 c5 21. Re1 Qf5 22. g4 Qf3 23. Ba4 0-1


[Site "https://www.chess.com"]

[Event "Titled Tuesday Blitz August 08 Early 2023"]
[White "Komov, Roman"]
[Black "Szente Varga, Fruzsina"]
[WhiteFideId "24175714"]
[BlackFideId "712264"]
[WhiteElo "2605"]
[BlackElo "2283"]
[Result "1-0"]
[Round "3"]
[TimeControl "180+1"]
[Date "2023.08.08"]
[WhiteClock "0:01:53"]
[BlackClock "0:01:20"]
[Board "218"]

1. e4 c5 2. Nc3 Nc6 3. Bb5 g6 4. Bxc6 dxc6 5. f4 Bg7 6. d3 e5 7. fxe5 Bxe5 8. Nf3 Bg7 9. O-O Ne7 10. Be3 b6 11. Qe1 O-O 12. Rd1 f5 13. Bg5 Qc7 14. e5 Be6 15. Qh4 Nd5 16. Rde1 Rae8 17. Bh6 f4 18. Ne4 Bxh6 19. Qxh6 Ne3 20. Nf6+ Rxf6 21. exf6 Nxf1 22. Kxf1 c4 23. Ng5 cxd3 24. f7+ Bxf7 25. Qxh7+ Kf8 26. Qh8+ Bg8 27. Rxe8+ Kxe8 28. Qxg8+ Kd7 29. Qe6+ Kd8 30. Nf7+ 1-0


[Site "https://www.chess.com"]

[Event "Titled Tuesday Blitz August 08 Early 2023"]
[White "Lenaerts, Lennert"]
[Black "Afanasieva, Alexandra"]
[WhiteFideId "211435"]
[BlackFideId "34126926"]
[WhiteElo "2598"]
[BlackElo "2282"]
[Result "0-1"]
[Round "3"]
[TimeControl "180+1"]
[Date "2023.08.08"]
[WhiteClock "0:02:22"]
[BlackClock "0:01:18"]
[Board "219"]

1. d4 d5 2. c4 e6 3. Nc3 c5 4. cxd5 exd5 5. Nf3 Nc6 6. g3 Nf6 7. Bg2 cxd4 8. Nxd4 Bc5 9. Nb3 Bb6 10. O-O d4 11. Na4 O-O 12. Bg5 Re8 13. Re1 h6 14. Bxf6 Qxf6 15. Nxb6 axb6 16. Bxc6 bxc6 17. Qxd4 Qd8 18. Qc3 c5 19. Rad1 Qc7 20. a3 Ba6 21. e4 Re7 22. f3 Rd8 23. Qc2 Red7 24. Rxd7 Qxd7 25. Kf2 c4 26. Nc1 Qd2+ 27. Qxd2 Rxd2+ 28. Re2 c3 29. bxc3 Bxe2 30. Nxe2 Ra2 31. Ke3 Rxa3 32. h4 Kf8 33. h5 Ke7 34. g4 b5 35. Kd4 Kd6 36. e5+ Kc6 37. Nc1 Ra4+ 38. Kd3 Kd5 39. Nb3 Kxe5 40. Nd4 Kf4 41. Nxb5 Kxf3 42. Nd6 Kxg4 0-1


[Site "https://www.chess.com"]

[Event "Titled Tuesday Blitz August 08 Early 2023"]
[White "Bagrationi, Alexander"]
[Black "GAO"]
[WhiteFideId "14104954"]
[WhiteElo "2592"]
[BlackElo "2279"]
[Result "1-0"]
[Round "3"]
[TimeControl "180+1"]
[Date "2023.08.08"]
[WhiteClock "0:00:58"]
[BlackClock "0:00:00"]
[Board "220"]

1. d4 Nf6 2. g3 e6 3. Bg2 d5 4. Nf3 Be7 5. O-O O-O 6. Bf4 b6 7. Nbd2 Bb7 8. a4 a6 9. a5 b5 10. Ne5 Nbd7 11. Nb3 Rc8 12. e3 c5 13. dxc5 Nxc5 14. Nxc5 Bxc5 15. c4 bxc4 16. Nxc4 Bb4 17. Nb6 Rc6 18. Qa4 Bxa5 19. Nxd5 Nxd5 20. Qxa5 Qxa5 21. Rxa5 Rb6 22. Be5 f6 23. Bd4 Rb5 24. Rxb5 axb5 25. Ra1 Ra8 26. Rxa8+ Bxa8 27. Bc5 Kf7 28. f4 Bc6 29. Kf2 Ne7 30. Bf1 f5 31. Ke2 Nd5 32. Kd2 Nf6 33. Kc2 Ke8 34. Kb3 Ne4 35. Bb4 Kd7 36. Ba5 Nf6 37. Bc3 Ng4 38. Bxg7 Nxe3 39. Be2 Nd5 40. Be5 Kc8 41. h3 Kb7 42. g4 Bd7 43. g5 Kc6 44. h4 Kc5 45. h5 Ne7 46. g6 Nxg6 47. hxg6 hxg6 48. Kc3 Bc6 49. b4+ Kb6 50. Kd4 Bd5 51. Bd6 Kc6 52. Bc5 1-0


[Site "https://www.chess.com"]

[Event "Titled Tuesday Blitz August 08 Early 2023"]
[White "Jahnz, Fabian"]
[Black "Thomforde-Toates, Noah"]
[WhiteFideId "4653300"]
[BlackFideId "30951992"]
[WhiteElo "2272"]
[BlackElo "2588"]
[Result "1-0"]
[Round "3"]
[TimeControl "180+1"]
[Date "2023.08.08"]
[WhiteClock "0:00:11"]
[BlackClock "0:00:04"]
[Board "221"]

1. e4 c5 2. Nf3 g6 3. d4 cxd4 4. Nxd4 Bg7 5. Be3 Nc6 6. c4 Nf6 7. Nc3 Ng4 8. Qxg4 Nxd4 9. Bxd4 Bxd4 10. Qd1 Qb6 11. Qd2 Bg7 12. Bd3 O-O 13. O-O d6 14. Rab1 Be6 15. Nd5 Qd8 16. Kh1 Bd7 17. f4 e6 18. Nc3 Bc6 19. Bc2 Qe7 20. Rbe1 Rad8 21. Qe3 a6 22. Qg3 b5 23. cxb5 axb5 24. f5 Be5 25. Qh3 b4 26. Nd1 exf5 27. exf5 Qg5 28. Ne3 Rde8 29. Ng4 Bxb2 30. Rxe8 Bd7 31. Rxf8+ Kxf8 32. Qh6+ Qxh6 33. Nxh6 g5 34. f6 Be5 35. Bb3 Be8 36. Ng4 Bc3 37. Ne3 Bd7 38. Nf5 Be5 39. g4 Bc6+ 40. Kg1 Ke8 41. Re1 Kf8 42. h4 Bxf6 43. Nxd6 gxh4 44. Nxf7 Bd4+ 45. Kh2 Bf2 46. Rf1 Bg3+ 47. Kh3 Bb5 48. Rf5 Bd3 49. Rf3 Be2 50. Ne5+ Bxf3 51. Nxf3 Ke7 52. Nxh4 Be1 53. Nf5+ Kf6 54. Kg2 h5 55. Kf3 hxg4+ 56. Kxg4 Ke5 57. Ne3 Kd4 58. Nc4 Kc3 59. Kf3 Bh4 60. Ke4 Be7 61. Kd5 Bf8 62. Kc6 Be7 63. Kb5 Bf8 64. Na5 Be7 65. Nc6 Bf8 66. Na7 Be7 67. Nc8 Bf8 68. Nb6 Kb2 69. Nd5 Ka3 70. Bc4 Bd6 71. Bb3 Bf8 72. Ne3 Kb2 73. Kc4 Ka3 74. Nc2+ Kb2 75. Nxb4 Kc1 76. a4 Bh6 77. a5 Be3 78. a6 Ba7 79. Kb5 Kb2 80. Bd5 Kc3 81. Nc6 Be3 82. Be6 Bf2 83. Bc8 Be3 84. Ne7 Ba7 85. Nf5 Kd3 86. Nd6 Kd4 87. Kc6 Ke5 88. Kb7 Bg1 89. Nc4+ Kd4 90. Nb6 Kc3 91. a7 Bxb6 92. Kxb6 1-0


[Site "https://www.chess.com"]

[Event "Titled Tuesday Blitz August 08 Early 2023"]
[White "Stangl, Anita, Dr."]
[Black "Aevengho"]
[WhiteFideId "4608801"]
[WhiteElo "2270"]
[BlackElo "2564"]
[Result "0-1"]
[Round "3"]
[TimeControl "180+1"]
[Date "2023.08.08"]
[WhiteClock "0:00:00"]
[BlackClock "0:01:06"]
[Board "222"]

1. e4 d6 2. Nf3 Nf6 3. Nc3 g6 4. d4 Bg7 5. h3 O-O 6. Be3 a6 7. Bd3 Nc6 8. Qd2 e5 9. d5 Ne7 10. Bh6 Nh5 11. g4 Nf4 12. Bxf4 exf4 13. Qxf4 b5 14. a3 Rb8 15. Qd2 Bd7 16. Nd1 Kh8 17. Ne3 f5 18. gxf5 gxf5 19. exf5 Nxf5 20. O-O-O Qf6 21. c3 Nxe3 22. fxe3 Qxf3 23. Rdf1 Qxd5 24. Qc2 h6 25. Rhg1 Qe5 26. Qd2 a5 27. Bb1 Rbe8 28. Re1 b4 29. axb4 axb4 30. cxb4 c5 31. bxc5 Qxc5+ 32. Qc2 Rxe3 33. Kd1 Rxe1+ 34. Rxe1 Qxc2+ 35. Bxc2 Bxh3 36. Re7 Bf5 37. Bb3 Bxb2 38. Bd5 Bf6 39. Ra7 h5 40. Kd2 Bg5+ 41. Kc3 h4 42. Kd4 h3 43. Ra2 Bf4 44. Rf2 Be5+ 45. Ke3 Kg7 46. Bh1 Be6 47. Rc2 Rf1 48. Be4 d5 49. Bf3 d4+ 50. Ke4 Re1+ 51. Kd3 Bf5+ 0-1


[Site "https://www.chess.com"]

[Event "Titled Tuesday Blitz August 08 Early 2023"]
[White "Ibadov, Dashgyn"]
[Black "Sariego Figueredo, Wilfredo"]
[WhiteFideId "24107514"]
[BlackFideId "3500080"]
[WhiteElo "2543"]
[BlackElo "2264"]
[Result "1/2-1/2"]
[Round "3"]
[TimeControl "180+1"]
[Date "2023.08.08"]
[WhiteClock "0:00:06"]
[BlackClock "0:00:50"]
[Board "223"]

1. e4 c5 2. Nf3 a6 3. c3 e6 4. d4 d5 5. exd5 exd5 6. Bd3 Nf6 7. O-O cxd4 8. cxd4 Be7 9. Ne5 O-O 10. Nc3 Nc6 11. Nxc6 bxc6 12. Bg5 Bg4 13. Qc2 h6 14. Bh4 Rb8 15. h3 Be6 16. Rad1 Qb6 17. Na4 Qb7 18. Bg3 Rbd8 19. Rc1 Ne4 20. Qxc6 Qxc6 21. Rxc6 Nxg3 22. fxg3 a5 23. Nc5 Bf6 24. Rxf6 gxf6 25. Kf2 Rb8 26. b3 Rb4 27. Ke3 Re8 28. Kd2 Rxd4 29. Nxe6 Rxe6 30. Rc8+ Kg7 31. a3 a4 32. Kc3 Rxd3+ 33. Kxd3 axb3 34. Rb8 Re1 35. Rxb3 Rg1 36. Rb2 Ra1 37. Rb3 Rg1 38. Kd4 Rd1+ 39. Ke3 Rg1 40. Kf2 Ra1 41. g4 Kg6 42. Kf3 f5 43. Rb6+ Kg5 44. h4+ Kxh4 45. Rxh6+ Kg5 46. Rh5+ Kg6 47. Rxf5 Rxa3+ 48. Kf2 Ra4 49. Rxd5 Rxg4 50. Kf3 Ra4 51. Rd6+ f6 52. Rd5 f5 53. g3 Kg5 54. Rd3 Rb4 55. Rc3 Rd4 56. Rb3 Rd1 57. Ra3 Rf1+ 58. Kg2 Rb1 59. Kf3 Rb2 60. Rc3 Rd2 61. Rb3 Ra2 62. Rc3 Ra4 63. Rb3 Rd4 64. Rc3 Rd8 65. Rb3 Rd1 66. Ra3 Rf1+ 67. Kg2 Rb1 68. Kf3 Rb5 69. Rc3 Ra5 70. Rd3 1/2-1/2


[Site "https://www.chess.com"]

[Event "Titled Tuesday Blitz August 08 Early 2023"]
[White "Garrido, Denis"]
[Black "Parpiev, Isaak"]
[WhiteFideId "601217"]
[BlackFideId "34281576"]
[WhiteElo "2262"]
[BlackElo "2542"]
[Result "0-1"]
[Round "3"]
[TimeControl "180+1"]
[Date "2023.08.08"]
[WhiteClock "0:00:16"]
[BlackClock "0:00:07"]
[Board "224"]

1. d4 Nf6 2. c4 g6 3. Nc3 Bg7 4. e4 d6 5. Be2 e5 6. Nf3 O-O 7. O-O Nc6 8. d5 Ne7 9. b4 a5 10. bxa5 Ne8 11. a4 h6 12. Ba3 f5 13. exf5 gxf5 14. c5 Rxa5 15. cxd6 Nxd6 16. Rc1 Ng6 17. Qb3 Rf7 18. Nb5 Nf4 19. Rfe1 Nxe2+ 20. Rxe2 Nxb5 21. axb5 e4 22. Nd2 Bd7 23. b6 cxb6 24. d6 Rb5 25. Qa2 Qf6 26. Rc7 Kh7 27. Nf1 Be6 28. Qd2 Rb1 29. Rxf7 Qxf7 30. h3 Qd7 31. Re1 Rb3 32. Qc1 b5 33. Bc5 Rc3 34. Qf4 Rxc5 35. Ne3 Re5 36. g4 fxg4 37. hxg4 Qxd6 38. Kg2 Qf8 39. Qg3 Qf3+ 40. Qxf3 exf3+ 41. Kxf3 b4 42. Rb1 Rxe3+ 43. fxe3 b3 44. Kf4 b5 45. e4 Bc3 46. e5 b2 47. g5 hxg5+ 48. Kxg5 Ba2 49. Rh1+ Kg7 50. e6 Bxe6 51. Kf4 Ba2 52. Rg1+ Kf6 0-1


[Site "https://www.chess.com"]

[Event "Titled Tuesday Blitz August 08 Early 2023"]
[White "Tqebuchava, Zurab"]
[Black "Degenbaev, Aziz"]
[WhiteFideId "13601113"]
[BlackFideId "13802640"]
[WhiteElo "2261"]
[BlackElo "2525"]
[Result "0-1"]
[Round "3"]
[TimeControl "180+1"]
[Date "2023.08.08"]
[WhiteClock "0:00:00"]
[BlackClock "0:00:49"]
[Board "225"]

1. e4 g6 2. d3 Bg7 3. Nc3 d6 4. g3 h5 5. h4 Nc6 6. Be3 Bg4 7. f3 Bd7 8. Bg2 e5 9. Nge2 Qe7 10. Qd2 Nf6 11. O-O-O a6 12. Bg5 Be6 13. f4 Qd7 14. Rdf1 Nh7 15. f5 Nxg5 16. hxg5 gxf5 17. exf5 Bxf5 18. Nd5 Be6 19. Nf6+ Bxf6 20. Rxf6 O-O-O 21. Qe3 Kb8 22. Rh6 Bg4 23. Nc3 Nd4 24. Kb1 Rxh6 25. gxh6 Qe6 26. Ne4 Rh8 27. Nf2 Bf5 28. c3 Nb5 29. a4 Na7 30. Rxh5 Bg6 31. Rh4 c6 32. Ne4 Nc8 33. a5 Qb3 34. Qg5 Qd1+ 35. Ka2 Qxd3 36. Qf6 Rh7 37. Nf2 Qxg3 38. Bh3 Qg1 39. Qd8 Qb1+ 40. Ka3 Bc2 41. Bxc8 Qa1+ 42. Kb4 Qxb2+ 0-1


[Site "https://www.chess.com"]

[Event "Titled Tuesday Blitz August 08 Early 2023"]
[White "Geivondian, Arman"]
[Black "Miguelitro69"]
[WhiteFideId "24102032"]
[WhiteElo "2517"]
[BlackElo "2258"]
[Result "1-0"]
[Round "3"]
[TimeControl "180+1"]
[Date "2023.08.08"]
[WhiteClock "0:01:38"]
[BlackClock "0:00:26"]
[Board "226"]

1. e4 c5 2. Nf3 Nc6 3. Bb5 e6 4. O-O Nge7 5. Re1 a6 6. Bf1 d5 7. e5 d4 8. d3 Ng6 9. Nbd2 Qc7 10. Qe2 Be7 11. a4 O-O 12. g3 b6 13. h4 f6 14. exf6 gxf6 15. h5 Nge5 16. Nxe5 Nxe5 17. Bg2 Ra7 18. Ne4 Kh8 19. Bf4 Bb7 20. Nxf6 Bxf6 21. Bxe5 Bxe5 22. Qxe5+ Qxe5 23. Rxe5 Bxg2 24. Kxg2 Raf7 25. f4 Rf5 26. Rxe6 Rxh5 27. Rxb6 Re8 28. Rf1 c4 29. dxc4 a5 30. Rb5 Re2+ 31. Kf3 Rhh2 32. Rb7 h5 33. f5 Re3+ 34. Kf4 Rxc2 35. Kg5 Rxg3+ 36. Kh6 Rxc4 37. f6 Rc6 38. Kxh5 Rc5+ 39. Kh6 Rh3+ 40. Kg6 Rg3+ 41. Kf7 Rh3 42. Rg1 Rh7+ 43. Rg7 d3 44. Rb8+ Rc8 45. Rxc8# 1-0


[Site "https://www.chess.com"]

[Event "Titled Tuesday Blitz August 08 Early 2023"]
[White "Kohler, Aran"]
[Black "Chor, Kevin"]
[WhiteFideId "1002856"]
[BlackFideId "2090740"]
[WhiteElo "2253"]
[BlackElo "2514"]
[Result "1/2-1/2"]
[Round "3"]
[TimeControl "180+1"]
[Date "2023.08.08"]
[WhiteClock "0:00:18"]
[BlackClock "0:00:04"]
[Board "227"]

1. d4 Nf6 2. Nf3 g6 3. Bg5 Ne4 4. h4 c5 5. Nc3 Qa5 6. Bd2 Nxd2 7. Qxd2 Bg7 8. e3 d6 9. h5 cxd4 10. exd4 Bg4 11. Bb5+ Nd7 12. hxg6 hxg6 13. Rxh8+ Bxh8 14. O-O-O O-O-O 15. Be2 Kb8 16. Kb1 Nb6 17. Qg5 Qxg5 18. Nxg5 Bxe2 19. Nxe2 Rf8 20. Rh1 Bf6 21. Nf3 Rh8 22. Rxh8+ Bxh8 23. b3 Bf6 24. c4 d5 25. c5 Nd7 26. Nf4 e6 27. Kc2 Kc7 28. Kd3 Kc6 29. a4 b6 30. b4 a5 31. b5+ Kc7 32. c6 Nf8 33. Ne5 g5 34. Nh3 Bxe5 35. dxe5 Ng6 36. Kd4 g4 37. Ng5 Nf4 38. g3 Ne2+ 39. Ke3 Nc3 40. Nxf7 Nxa4 41. Ng5 Nc5 42. Kd4 a4 43. f3 gxf3 44. Nxf3 a3 45. Kc3 Ne4+ 46. Kb3 Nxg3 47. Kxa3 Ne2 48. Kb4 Nf4 49. Kc3 Ng6 50. Kd4 Kd8 51. Ng5 Nf8 52. Nf7+ Kc7 53. Nd6 Ng6 54. Ne8+ Kd8 55. Nf6 Kc7 56. Ne8+ Kd8 57. Nf6 Kc7 58. Ng4 Nh4 59. Ne3 Nf3+ 60. Kd3 Nxe5+ 61. Kd4 Nf7 62. Ng4 Nd6 63. Ke5 Nxb5 64. Kxe6 Kxc6 65. Ne5+ Kc5 66. Nd7+ Kc6 67. Ne5+ Kc5 68. Nd7+ Kc4 69. Nxb6+ Kc5 70. Nd7+ Kc4 71. Ne5+ Kc3 72. Nf3 d4 73. Nxd4 1/2-1/2


[Site "https://www.chess.com"]

[Event "Titled Tuesday Blitz August 08 Early 2023"]
[White "Eynullayev, Atilla"]
[Black "Schut, Han"]
[WhiteFideId "13413570"]
[BlackFideId "1005561"]
[WhiteElo "2513"]
[BlackElo "2249"]
[Result "1-0"]
[Round "3"]
[TimeControl "180+1"]
[Date "2023.08.08"]
[WhiteClock "0:01:34"]
[BlackClock "0:00:18"]
[Board "228"]

1. d4 Nf6 2. c4 g6 3. Nc3 d5 4. cxd5 Nxd5 5. e4 Nxc3 6. bxc3 Bg7 7. Nf3 c5 8. Bb5+ Nc6 9. Rb1 O-O 10. d5 Ne5 11. O-O Bg4 12. Be2 Bxf3 13. Bxf3 c4 14. Be2 Qc7 15. Be3 Rfb8 16. Qa4 Rc8 17. Rfd1 Nd7 18. Bd4 Bxd4 19. Rxd4 Nb6 20. Qb4 Qc5 21. a4 Qxb4 22. Rxb4 Rc5 23. Bxc4 Rac8 24. Bf1 Rxc3 25. a5 Nd7 26. Rxb7 Ne5 27. Rxe7 Nc4 28. Rxc4 R8xc4 29. Bxc4 1-0


[Site "https://www.chess.com"]

[Event "Titled Tuesday Blitz August 08 Early 2023"]
[White "Lehtosaari, Mauri"]
[Black "Kula, Robert"]
[WhiteFideId "501999"]
[BlackFideId "1101218"]
[WhiteElo "2507"]
[BlackElo "2240"]
[Result "1-0"]
[Round "3"]
[TimeControl "180+1"]
[Date "2023.08.08"]
[WhiteClock "0:00:40"]
[BlackClock "0:00:31"]
[Board "229"]

1. d4 d5 2. Nf3 Nf6 3. Bg5 c6 4. Nbd2 Ne4 5. Bf4 Bf5 6. e3 e6 7. c4 Nd7 8. Qb3 Qb6 9. c5 Qxb3 10. axb3 a6 11. b4 Rc8 12. Nb3 f6 13. Na5 g5 14. Bg3 b5 15. Nd2 Nxg3 16. hxg3 e5 17. Nab3 Nb8 18. dxe5 fxe5 19. Nf3 Bc2 20. Na5 e4 21. Nxg5 Bg7 22. Rc1 Bd3 23. Bxd3 exd3 24. Kd2 Bxb2 25. Rb1 Bf6 26. Nf3 Kf7 27. Kxd3 Rce8 28. Nb7 Be7 29. Nd4 Bf8 30. Nf5 Kg6 31. Nbd6 Bxd6 32. Nxd6 Re6 33. f4 Kg7 34. g4 a5 35. bxa5 Na6 36. Kd4 Rd8 37. Rh5 Rdxd6 38. cxd6 Re4+ 39. Kd3 Nc5+ 40. Ke2 d4 41. Rxc5 Rxe3+ 42. Kf2 Kf6 43. Rxc6 Ke6 44. Rxb5 Ra3 45. Rc4 Kxd6 46. Rxd4+ Kc6 47. Re5 h6 48. g5 hxg5 49. Rxg5 Ra2+ 50. Kf3 Ra1 51. Re4 Rf1+ 52. Kg4 Rg1 53. Re6+ Kd7 54. Rh6 Rh1 55. Rxh1 Ke7 56. Rh6 Kf7 57. Rb6 Kf8 58. Rb7 Ke8 59. Rg8# 1-0


[Site "https://www.chess.com"]

[Event "Titled Tuesday Blitz August 08 Early 2023"]
[White "Sarkar, Justin"]
[Black "Garakov, Mikhael"]
[WhiteFideId "2010011"]
[BlackFideId "4169034"]
[WhiteElo "2234"]
[BlackElo "2491"]
[Result "0-1"]
[Round "3"]
[TimeControl "180+1"]
[Date "2023.08.08"]
[WhiteClock "0:00:00"]
[BlackClock "0:00:56"]
[Board "230"]

1. d4 Nf6 2. c4 c5 3. d5 e6 4. Nc3 exd5 5. Nxd5 Nxd5 6. Qxd5 d6 7. Nf3 Nc6 8. Bg5 Qb6 9. Qd2 h6 10. Bf4 g5 11. Bg3 Be6 12. e3 Bg7 13. Rb1 Rd8 14. e4 O-O 15. Bd3 Nb4 16. O-O Qa6 17. b3 Qxa2 18. Qxa2 Nxa2 19. h4 g4 20. Nd2 Be5 21. Rfe1 Nb4 22. Be2 Nc2 23. Red1 Nd4 24. Bd3 a5 0-1


[Site "https://www.chess.com"]